 Dungeon Crawl Stone Soup version 0.30-a0-715-gdb4ae3ece1 (webtiles) character file.

Game seed: 2407989142005672435

1118 gelatine the Covered (level 8, 0/70 HPs)
             Began as an Armataur Fighter on Jan 24, 2023.
             Was an Initiate of Qazlal.
             Slain by a gnoll
             ... wielding a +0 halberd
             ... led by a gnoll sergeant
              (7 damage)
             ... on level 5 of the Dungeon.
             The game lasted 00:09:34 (3538 turns).

gelatine the Covered (Armataur Fighter)             Turns: 3538, Time: 00:09:35

Health: 0/70       AC: 19    Str: 23    XL:     8   Next: 12%
Magic:  10/10      EV:  8    Int:  8    God:    Qazlal [......]
Gold:   57         SH:  5    Dex: 11    Spells: 6/10 levels left

rFire   . . .      SeeInvis .    s - +5 mace "Wearen" {protect, rC+}
rCold   + . .      Faith    .    c - +0 buckler
rNeg    . . .      Spirit   .    b - +0 scale mail
rPois   .          Reflect  .    (no helmet)
rElec   .          Harm     .    (no cloak)
rCorr   +          Roll     +    v - +0 pair of gloves
Will    .....                    (no barding) Stlth
                                 p - amulet of magic regeneration
HPRegen 0.31/turn                h - +4 ring of protection
MPRegen 0.52/turn                j - ring of resist corrosion

@: under a protective aura
A: large, rugged brown scales 3, deformed body, armoured tail, roll, long
tongue, awkward tongue
a: Renounce Religion


You were on level 5 of the Dungeon.
You worshipped Qazlal.
Qazlal was noncommittal.
You visited 2 branches of the dungeon, and saw 6 of its levels.

You collected 281 gold pieces.
You spent 224 gold pieces at shops.

Inventory:

Hand Weapons
 a - a +0 war axe
 s - the +5 mace "Wearen" (weapon) {protect, rC+}
   (You bought it in a shop on level 4 of the Dungeon)

   rC:        It protects you from cold.
Missiles
 w - 3 boomerangs (quivered)
Armour
 b - a +0 scale mail (worn)
 c - a +0 buckler (worn)
 v - a +0 pair of gloves (worn)
Jewellery
 h - a +4 ring of protection (left hand)
 j - a ring of resist corrosion (right hand)
 p - an amulet of magic regeneration (around neck)
Scrolls
 e - a scroll of brand weapon {unknown}
 f - a scroll of fog {unknown}
 g - 2 scrolls of identify {unknown}
 l - a scroll of vulnerability {unknown}
 n - 2 scrolls of enchant weapon {unknown}
 o - a scroll of teleportation {unknown}
 r - a scroll of noise {unknown}
 t - a scroll of immolation {unknown}
 u - 2 scrolls of enchant armour {unknown}
Potions
 d - a potion of might
 i - 2 potions of heal wounds {unknown}
 k - a potion of lignification {unknown}
 m - 2 potions of curing {unknown}
 q - a potion of mutation {unknown}


   Skills:
 * Level 4.2 Fighting
 + Level 3.6(4.0) Axes
 + Level 2.6(3.7) Maces & Flails
 + Level 0.1 Throwing
 * Level 6.3 Armour
 * Level 1.7 Dodging
 + Level 0.6 Stealth
 * Level 4.5 Shields
 * Level 1.7 Spellcasting
 * Level 1.2 Poison Magic
 * Level 2.1 Invocations


You had 6 spell levels left.
You knew the following spells:

 Your Spells              Type           Power      Damage    Failure   Level
a - Olgreb's Toxic Radia  Pois           2%         N/A       100%        4

Your spell library contained the following spells:

 Spells                   Type           Power      Damage    Failure   Level
 Sting                    Tmut/Pois      4%         1d3       63%         1
 Poisonous Vapours        Pois/Air       2%         N/A       77%         2
 Gell's Gravitas          Tloc           0%         N/A       97%         3
 Tukima's Dance           Hex            0%         N/A       97%         3
 Dispersal                Tloc           0%         N/A       100%        6
 Discord                  Hex            0%         N/A       100%        8


Dungeon Overview and Level Annotations

Branches:
Dungeon (5/15)             Temple (1/1) D:5

Altars:
Ashenzari
Cheibriados
Fedhas
Gozag
Hepliaklqana
Kikubaaqudgha
Makhleb
Nemelex Xobeh
Okawaru
Qazlal
Ru
Sif Muna
Trog
Uskayaw
Wu Jian
Xom
The Shining One

Shops:
D:4 (


Innate Abilities, Weirdness & Mutations

You are completely covered in rugged brown scales. (AC +3, +7% HP)
Armour fits poorly on your strangely shaped body.
You have a long armoured tail.
You roll when moving toward enemies. (Rampage)
Your long tongue fully drains potion bottles. (2x potion effects)
Your tongue gives you trouble enunciating. (1.5x scroll delay)


Message History

You hit the gnoll sergeant but do no damage.
The gnoll sergeant is moderately wounded.
The gnoll sergeant hits you with a +2 spear of freezing!
The gnoll hits you but does no damage. x2
You hit the gnoll sergeant.
The gnoll sergeant is heavily wounded.
The gnoll sergeant hits you but does no damage.
The gnoll barely misses you. You block the gnoll's attack.
You thump the gnoll sergeant!
Your tail-slap misses the gnoll sergeant.
The gnoll sergeant is almost dead.
The gnoll sergeant hits you with a +2 spear of freezing.
The gnoll sergeant freezes you. You block the gnoll's attack.
The gnoll hits you from afar with a +0 halberd.
You block the gnoll sergeant's attack.
There is an open door here.
You are too injured to fight recklessly!
You roll towards the gnoll sergeant!
You hit the gnoll sergeant but do no damage.
The gnoll sergeant is almost dead.
The gnoll sergeant hits you with a +2 spear of freezing!
The gnoll sergeant freezes you. The gnoll hits you but does no damage.
The gnoll sergeant hits you but does no damage.
The gnoll hits you from afar with a +0 halberd!
* * * LOW HITPOINT WARNING * * *
You hit the gnoll sergeant.
You kill the gnoll sergeant!
Qazlal accepts your kill. The gnoll hits you but does no damage.
You roll towards the gnoll!
You barely miss the gnoll. The gnoll hits you but does no damage.
You hit the gnoll.
The gnoll is moderately wounded.
The gnoll barely misses you. The gnoll closely misses you.
You barely miss the gnoll.
The gnoll is moderately wounded.
The gnoll hits you with a +0 halberd!
* * * LOW HITPOINT WARNING * * *
You block the gnoll's attack. The gnoll hits you with a +0 halberd!
You die...

#...######.............####.#.#+#
#.........######.......####+#....
#.........# #................#
..........######...####.........#
...............#...# #..........
...#...........#...####........#.
...###.........#.....##........+.
...###.........###g..##........#.
...)...........'@gg..'...........
.......###'###.###...######....##
.......#.....#####...######....##
..###..#.###.#...#.......(#....##
..# #..'.#>#.'............#....##
..# #..#.#'#.#....g.............#
..# #..#.....#.....##...........#
..########'#####g.g##...........#
#..............#...##############


You could see 3 gnolls.

Vanquished Creatures
  2 ice beasts (D:5)
  A black bear (D:5)
  A sky beast (D:4)
  An ogre (D:5)
  A gnoll sergeant (D:5)
  A necrophage (D:5)
  2 scorpions (D:5)
  A jelly (D:5)
  2 hounds (D:5)
  3 orc priests
  2 iguanas
  An orc wizard (D:5)
  A gnoll (D:5)
  6 adders
  A worm (D:2)
  3 dart slugs
  8 orcs
  7 endoplasms
  4 giant cockroaches
  7 goblins
  9 hobgoblins
  5 jackals
  7 quokkas
  4 ball pythons
  3 bats
  3 frilled lizards
  10 kobolds
  6 rats
102 creatures vanquished.

Notes
Turn   | Place    | Note
-------+----------+-------------------------------------------
     0 | D:1      | gelatine the Armataur Fighter began the quest for the Orb.
     0 | D:1      | Reached XP level 1. HP: 19/19 MP: 1/1
    88 | D:1      | Reached XP level 2. HP: 26/26 MP: 2/2
   207 | D:1      | Reached skill level 4 in Armour
   510 | D:2      | Reached XP level 3. HP: 22/33 MP: 3/3
   686 | D:2      | Got the Parchment of Fascination and the Traveller
  1053 | D:2      | Found a faded altar of an unknown god.
  1232 | D:3      | Reached XP level 4. HP: 39/40 MP: 4/4
  1889 | D:4      | Reached XP level 5. HP: 29/48 MP: 5/5
  2020 | D:4      | Found Futofeyrch's Antique Weapon Shop.
  2035 | D:4      | Bought a scorched mace for 224 gold pieces
  2035 | D:4      | Identified the +5 mace "Wearen" {protect, rC+} (You bought
                  | it in a shop on level 4 of the Dungeon)
  2097 | D:4      | Found a sacrificial altar of Ru.
  2133 | D:4      | Noticed a sky beast
  2141 | D:4      | Killed a sky beast
  2142 | D:4      | Reached skill level 5 in Armour
  2428 | D:5      | Entered Level 5 of the Dungeon
  2448 | D:5      | Reached skill level 1 in Maces & Flails
  2448 | D:5      | Reached XP level 6. HP: 52/54 MP: 6/6
  2478 | D:5      | Reached skill level 1 in Dodging
  2494 | D:5      | Found a staircase to the Ecumenical Temple.
  2507 | Temple   | Entered the Ecumenical Temple
  2727 | Temple   | Became a worshipper of Qazlal Stormbringer
  2830 | D:5      | Reached skill level 1 in Spellcasting
  2830 | D:5      | Reached XP level 7. HP: 60/62 MP: 8/8
  3045 | D:5      | Learned a level 4 spell: Olgreb's Toxic Radiance
  3080 | D:5      | Reached skill level 1 in Invocations
  3089 | D:5      | Reached skill level 6 in Armour
  3350 | D:5      | Reached skill level 1 in Poison Magic
  3350 | D:5      | Reached XP level 8. HP: 29/70 MP: 10/10
  3538 | D:5      | Slain by a gnoll

Illustrated notes

Levels and vault maps discovered:
D:1:      amcnicky_arrival_feature_with_door, layout_basic
D:2:      layout_loops_ring, hellmonk_ecumenical_altar_prayer_group
D:3:      layout_loops_ring, hex_tiny, nrook_mini_vaults
D:4:      layout_basic, nicolae_ru_the_path_less_chosen, serial_shops, shop,
          item_on_display_a
D:5:      layout_basic, minmay_temple_entry_glassed_door,
          chequers_serial_rivers_micro_c, due_unseen_surprise
Temple:   nicolae_temple_bog_church

Skill      XL: |  1  2  3  4  5  6  7 |
---------------+----------------------+-----
Armour         | 4 5 6 |  6.3
Fighting       | 3 4 |  4.2
Axes           | 2 3 |  3.6
Maces & Flails | 1 2 |  2.6
Dodging        | 1 |  1.7
Shields        | 4 |  4.5
Spellcasting   | 1 |  1.7
Invocations    | 2 |  2.1
Poison Magic   | 1 |  1.2
Throwing       | |  0.1
Stealth        | |  0.6

Action                     |  1- 3 |  4- 6 |  7- 9 || total
---------------------------+-------+-------+-------++-------
  Melee: War axe           |   120 |    67 |       ||   187
         Tailslap          |    11 |    17 |    13 ||    41
         Mace              |       |    32 |    89 ||   121
  Throw: Boomerang         |       |       |    11 ||    11
 Armour: Scale mail        |    87 |    69 |    67 ||   223
  Dodge: Dodged            |    45 |    36 |    57 ||   138
  Block: Buckler           |    27 |    17 |    20 ||    64

Table legend: (Time is in decaauts)
 A = Elapsed time spent in this place.
 B = Non-inter-level travel time spent in this place.
 C = Inter-level travel time spent in this place.
 D = Time resting spent in this place.
 E = Time spent auto-exploring this place.
 F = Levels seen in this place.
 G = Mean time per level.
                   A        B        C        D        E       F      G
               +--------+--------+--------+--------+--------+-----+--------+
         Total |   3650 |   3500 |    150 |      0 |   2602 |   6 |  608.3 |
       Dungeon |   3417 |   3322 |     95 |      0 |   2440 |   5 |  683.4 |
        Temple |    233 |    178 |     55 |      0 |    162 |   1 |  233.0 |
               +--------+--------+--------+--------+--------+-----+--------+

Top non-repeatable levels by time:
     D:5: 909 daAuts
     D:4: 716 daAuts
     D:2: 709 daAuts
     D:3: 602 daAuts
     D:1: 480 daAuts
  Temple: 233 daAuts
